HSSL
MAIZE HS @ BROKEN ARROW HS
04/14/2028
 
TOP OF THE 1ST
Maize HS batting - Pitching for Broken Arrow HS : RHP Larry Gray
Pitching: RHP Larry Gray
Batting: LHB Ed Nelson 0-0: Ball
1-0: Called Strike
1-1: Swinging Strike
1-2: SOLO HOME RUN (Flyball, 8LXD), Distance : 436 ft
Batting: RHB Pedro Casillas 0-0: Called Strike
0-1: Hit by Pitch
Batting: LHB Scot Godwin 0-0: Ball
1-0: Fly out, F7 (Line Drive, 7)
Batting: RHB Dennis Brooks 0-0: Called Strike
Pedro Casillas steals 2nd base
0-1: Swinging Strike
0-2: Strikes out swinging
Batting: SHB Álex Vega 0-0: Ball
1-0: Foul Ball, location: 2F
1-1: Called Strike
1-2: Ball
2-2: Fly out, F9 (Flyball, 9LMF)
Top of the 1st over - 1 run(s), 1 hit(s), 0 error(s), 1 left on base; Maize HS 1 - Broken Arrow HS 0
BOTTOM OF THE 1ST
Broken Arrow HS batting - Pitching for Maize HS : RHP Enrico Fernández
Pitching: RHP Enrico Fernández
Batting: RHB Ramón Santos 0-0: Foul Ball, location: 2F
0-1: Foul Ball, location: 2F
0-2: SINGLE (Groundball, 6MD)
Batting: RHB Donnie Bryan 0-0: Fly out, F9 (Flyball, 89S)
Batting: LHB Brian Lawson 0-0: Ball
1-0: Foul Ball, location: 2F
1-1: Ball
2-1: Ground out 3-1 (Groundball, 34S)
Ramón Santos to second
Batting: RHB Bo Long 0-0: Foul Ball, location: 2F
0-1: Ball
1-1: SINGLE (Groundball, 56D)
Ramón Santos to third
Runner from 3rd tries for Home, SAFE, no throw
Batting: RHB James Thompson 0-0: Called Strike
0-1: Foul Ball, location: 2F
0-2: Ball
1-2: Ball
2-2: Strikes out looking
Bottom of the 1st over - 1 run(s), 2 hit(s), 0 error(s), 1 left on base; Maize HS 1 - Broken Arrow HS 1
TOP OF THE 2ND
Maize HS batting - Pitching for Broken Arrow HS : RHP Larry Gray
Batting: RHB Michael Obrego 0-0: Ball
1-0: SOLO HOME RUN (Flyball, 7D), Distance : 387 ft
Batting: LHB Jorge Merced 0-0: Called Strike
0-1: Ball
1-1: Called Strike
1-2: Strikes out swinging
Batting: RHB Dan Osborne 0-0: Ball
1-0: Ball
2-0: Ball
3-0: Called Strike
3-1: Called Strike
3-2: Base on Balls
Batting: SHB Armando Guzmán 0-0: Ball
1-0: Called Strike
1-1: Foul Ball, location: 2F
1-2: Strikes out swinging
Batting: LHB Ed Nelson 0-0: Ball
1-0: Ball
2-0: Called Strike
2-1: SINGLE (Line Drive, 34D)
Dan Osborne to second
Batting: RHB Pedro Casillas 0-0: Ball
1-0: Foul Ball, location: 2F
1-1: Swinging Strike
1-2: Strikes out looking
Top of the 2nd over - 1 run(s), 2 hit(s), 0 error(s), 2 left on base; Maize HS 2 - Broken Arrow HS 1
BOTTOM OF THE 2ND
Broken Arrow HS batting - Pitching for Maize HS : RHP Enrico Fernández
Batting: LHB Jesús Zamora 0-0: Foul Ball, location: 2F
0-1: Called Strike
0-2: Ball
1-2: Strikes out looking
Batting: RHB Daniel Conner 0-0: Ball
1-0: SINGLE (Line Drive, 78S)
Batting: RHB Chris Lancaster 0-0: Ball
1-0: Ball
2-0: Grounds into double play, 4-6-3 (Groundball, 4)
Bottom of the 2nd over - 0 run(s), 1 hit(s), 0 error(s), 0 left on base; Maize HS 2 - Broken Arrow HS 1
TOP OF THE 3RD
Maize HS batting - Pitching for Broken Arrow HS : RHP Larry Gray
Batting: LHB Scot Godwin 0-0: Fly out, F8 (Flyball, 8RS)
Batting: RHB Dennis Brooks 0-0: Foul Ball, location: 2F
0-1: Ground out 4-3 (Groundball, 4)
Batting: SHB Álex Vega 0-0: Ball
1-0: Ball
2-0: Swinging Strike
2-1: Foul Ball, location: 2F
2-2: Foul Ball, location: 2F
2-2: Strikes out looking
Top of the 3rd over - 0 run(s), 0 hit(s), 0 error(s), 0 left on base; Maize HS 2 - Broken Arrow HS 1
BOTTOM OF THE 3RD
Broken Arrow HS batting - Pitching for Maize HS : RHP Enrico Fernández
Batting: RHB David Adams 0-0: Swinging Strike
0-1: Foul Ball, location: 2F
0-2: Ball
1-2: Foul Ball, location: 2F
1-2: SOLO HOME RUN (Flyball, 9D), Distance : 380 ft
Batting: RHB Ramón Santos 0-0: Called Strike
0-1: Foul Ball, location: 2F
0-2: Reached on error, E6 (Groundball, 56D)
Batting: RHB Donnie Bryan 0-0: Ball
1-0: Foul Ball, location: 2F
1-1: Ball
2-1: Foul Ball, location: 2F
2-2: Strikes out swinging
Batting: LHB Brian Lawson 0-0: Ball
1-0: Ground out 1-3 (Groundball, 13)
Ramón Santos to third
Batting: RHB Bo Long 0-0: Ball
1-0: Called Strike
1-1: Ball
2-1: SINGLE (Groundball, 6MD)
Ramón Santos scores
Batting: RHB James Thompson 0-0: Swinging Strike
0-1: Called Strike
Bo Long is caught stealing 2nd base
Bottom of the 3rd over - 2 run(s), 2 hit(s), 1 error(s), 0 left on base; Maize HS 2 - Broken Arrow HS 3
TOP OF THE 4TH
Maize HS batting - Pitching for Broken Arrow HS : RHP Larry Gray
Batting: RHB Michael Obrego 0-0: Ball
1-0: Ball
2-0: Ball
3-0: Called Strike
3-1: Base on Balls
Batting: LHB Jorge Merced 0-0: Foul Ball, location: 2F
0-1: Foul Ball, location: 2F
0-2: Strikes out looking
Batting: RHB Dan Osborne 0-0: Ball
1-0: Foul Ball, location: 2F
1-1: Called Strike
1-2: Foul Ball, location: 2F
1-2: Foul Ball, location: 2F
1-2: Foul Ball, location: 2F
1-2: Ball
2-2: Foul Ball, location: 2F
2-2: Foul Ball, location: 2F
2-2: SINGLE (Groundball, 56D)
Michael Obrego to second
Batting: SHB Armando Guzmán 0-0: Swinging Strike
0-1: Ball
1-1: Called Strike
1-2: Foul Ball, location: 2F
1-2: Foul Ball, location: 2F
1-2: Ball
2-2: Ball
3-2: Fielders Choice at 3rd, U5 (Groundball, 5L)
Dan Osborne to second
Batting: LHB Ed Nelson 0-0: Ball
1-0: Called Strike
1-1: Foul Ball, location: 2F
1-2: Strikes out swinging
Top of the 4th over - 0 run(s), 1 hit(s), 0 error(s), 2 left on base; Maize HS 2 - Broken Arrow HS 3
BOTTOM OF THE 4TH
Broken Arrow HS batting - Pitching for Maize HS : RHP Enrico Fernández
Batting: RHB James Thompson 0-0: Called Strike
0-1: Ball
1-1: Ball
2-1: Reached on error, E5 (Groundball, 5)
Batting: LHB Jesús Zamora 0-0: Ball
1-0: Foul Ball, location: 2F
1-1: Ball
2-1: Fielders Choice at 2nd, 3-6 (Groundball, 34)
Batting: RHB Daniel Conner 0-0: Fielders Choice at 2nd, 6-4 (Groundball, 6M)
Batting: RHB Chris Lancaster 0-0: Ball
1-0: Ball
2-0: Called Strike
2-1: Single, Error in OF, E9, batter to second base
Daniel Conner to third
Batting: RHB David Adams 0-0: Called Strike
0-1: Reached on error, E4 (Groundball, 4)
Daniel Conner scores
Chris Lancaster scores
Batting: RHB Ramón Santos 0-0: Called Strike
0-1: Ball
1-1: Called Strike
1-2: Foul Ball, location: 2F
1-2: 2-RUN HOME RUN (Flyball, 8LXD), Distance : 440 ft
Pitching: LHP Enrique Torres
Batting: RHB Donnie Bryan 0-0: Reached on error, E9 (Flyball, 9S)
Batting: LHB Brian Lawson 0-0: Ball
1-0: Ball
2-0: Swinging Strike
2-1: Ball
3-1: Base on Balls
Batting: RHB Bo Long 0-0: Ball
1-0: Swinging Strike
1-1: Foul Ball, location: 2F
1-2: Strikes out swinging
Bottom of the 4th over - 4 run(s), 2 hit(s), 4 error(s), 2 left on base; Maize HS 2 - Broken Arrow HS 7
TOP OF THE 5TH
Maize HS batting - Pitching for Broken Arrow HS : RHP Larry Gray
Batting: RHB Pedro Casillas 0-0: Foul Ball, location: 2F
0-1: Swinging Strike
0-2: Strikes out swinging
Pitching: RHP Dan Montgomery
Batting: LHB Scot Godwin 0-0: Ball
1-0: Ball
2-0: Ball
3-0: Called Strike
3-1: Foul Ball, location: 2F
3-2: Ground out 4-3 (Groundball, 4)
Batting: RHB Dennis Brooks 0-0: Ball
1-0: Called Strike
1-1: Called Strike
1-2: Foul Ball, location: 2F
1-2: Strikes out swinging
Top of the 5th over - 0 run(s), 0 hit(s), 0 error(s), 0 left on base; Maize HS 2 - Broken Arrow HS 7
BOTTOM OF THE 5TH
Broken Arrow HS batting - Pitching for Maize HS : LHP Enrique Torres
Batting: RHB James Thompson 0-0: Ball
1-0: Foul Ball, location: 2F
1-1: SINGLE (Line Drive, 34)
Batting: LHB Jesús Zamora 0-0: Ball
1-0: Called Strike
1-1: Ball
2-1: Swinging Strike
2-2: Ball
3-2: Strikes out swinging
Batting: RHB Daniel Conner 0-0: Ball
1-0: Foul Ball, location: 2F
1-1: Ball
2-1: Ball
3-1: Base on Balls
James Thompson to second
Batting: RHB Chris Lancaster 0-0: Ball
1-0: Grounds into double play, 5-4-3 (Groundball, 56)
Bottom of the 5th over - 0 run(s), 1 hit(s), 0 error(s), 1 left on base; Maize HS 2 - Broken Arrow HS 7
TOP OF THE 6TH
Maize HS batting - Pitching for Broken Arrow HS : RHP Dan Montgomery
Batting: SHB Álex Vega 0-0: Ball
1-0: Foul Ball, location: 2F
1-1: Foul Ball, location: 2F
1-2: Ball
2-2: Ball
3-2: SINGLE (Flyball, 7S)
Batting: RHB Michael Obrego 0-0: Foul Ball, location: 2F
0-1: Ball
1-1: Ball
2-1: Ball
3-1: Called Strike
3-2: SINGLE (Flyball, 9S)
Álex Vega to second
Batting: LHB Jorge Merced 0-0: Swinging Strike
0-1: Ball
1-1: Fly out, F8 (Flyball, 8RM)
Batting: RHB Dan Osborne 0-0: Called Strike
0-1: SINGLE (Line Drive, 6D)
Álex Vega to third
Michael Obrego to second
Runner from 3rd tries for Home, SAFE, throw made home
Batting: SHB Armando Guzmán 0-0: Ball
Wild Pitch!
Michael Obrego to third
Dan Osborne to second
1-0: Swinging Strike
1-1: Foul Ball, location: 2F
1-2: Fly out, F7 (Flyball, 7)
Runner from 3rd tags up, OUT at HOME
Top of the 6th over - 1 run(s), 3 hit(s), 0 error(s), 1 left on base; Maize HS 3 - Broken Arrow HS 7
BOTTOM OF THE 6TH
Broken Arrow HS batting - Pitching for Maize HS : LHP Enrique Torres
Batting: RHB David Adams 0-0: Foul Ball, location: 2F
0-1: Ball
1-1: Swinging Strike
1-2: Foul Ball, location: 2F
1-2: Ball
2-2: Foul Ball, location: 2F
2-2: Ball
3-2: Base on Balls
Batting: RHB Ramón Santos 0-0: Ball
1-0: Ball
2-0: Called Strike
2-1: Swinging Strike
2-2: Fly out, F4 (Line Drive, 4)
Batting: RHB Donnie Bryan 0-0: Foul Ball, location: 2F
0-1: Foul Ball, location: 2F
0-2: Ball
1-2: Ball
2-2: Foul Ball, location: 2F
2-2: Foul Ball, location: 2F
2-2: Grounds into double play, 5-4-3 (Groundball, 56)
Bottom of the 6th over - 0 run(s), 0 hit(s), 0 error(s), 0 left on base; Maize HS 3 - Broken Arrow HS 7
TOP OF THE 7TH
Maize HS batting - Pitching for Broken Arrow HS : RHP Dan Montgomery
Batting: LHB Ed Nelson 0-0: Called Strike
0-1: Ball
1-1: Called Strike
1-2: Foul Ball, location: 2F
1-2: Foul Ball, location: 2F
1-2: SINGLE (Line Drive, 6)
Batting: RHB Pedro Casillas 0-0: SINGLE (Groundball, 6D)
Ed Nelson to second
Batting: LHB Scot Godwin 0-0: Called Strike
0-1: Ball
1-1: Called Strike
1-2: SINGLE (Groundball, 4MD)
Ed Nelson to third
Pedro Casillas to second
Runner from 3rd tries for Home, SAFE, no throw
Pitching: LHP José Colón
Batting: RHB Dennis Brooks 0-0: Swinging Strike
0-1: Ball
1-1: 3-RUN HOME RUN (Flyball, 8LXD), Distance : 445 ft
Batting: SHB Álex Vega 0-0: Called Strike
0-1: Fly out, F8 (Flyball, 8LM)
Batting: RHB Michael Obrego 0-0: Called Strike
0-1: Ball
1-1: Ball
2-1: Fly out, F7 (Flyball, 78M)
Batting: LHB Jorge Merced 0-0: Called Strike
0-1: Ball
1-1: Ball
2-1: Ball
3-1: SINGLE (Groundball, 34D)
Batting: RHB Dan Osborne 0-0: Ball
1-0: Ball
2-0: Ball
3-0: Base on Balls
Jorge Merced to second
Batting: SHB Armando Guzmán 0-0: Ball
1-0: Called Strike
1-1: Foul Ball, location: 2F
1-2: Ball
2-2: Ball
3-2: 3-RUN HOME RUN (Flyball, 78XD), Distance : 434 ft
Batting: LHB Ed Nelson 0-0: Called Strike
0-1: Foul Ball, location: 2F
0-2: Strikes out swinging
Top of the 7th over - 7 run(s), 6 hit(s), 0 error(s), 0 left on base; Maize HS 10 - Broken Arrow HS 7
BOTTOM OF THE 7TH
Broken Arrow HS batting - Pitching for Maize HS : LHP Enrique Torres
Batting: LHB Brian Lawson 0-0: Ground out 4-3 (Groundball, 4)
Batting: RHB Bo Long 0-0: Ball
1-0: Ball
2-0: Called Strike
2-1: Ground out 4-3 (Groundball, 4)
Batting: RHB James Thompson 0-0: Ball
1-0: Called Strike
1-1: Swinging Strike
1-2: SOLO HOME RUN (Flyball, 7D), Distance : 400 ft
Batting: LHB Jesús Zamora 0-0: Ball
1-0: Ball
2-0: Called Strike
2-1: Ball
3-1: Base on Balls
Pitching: RHP Roger Grant
Batting: RHB Daniel Conner 0-0: Ball
1-0: Fly out, F9 (Flyball, 9)
Bottom of the 7th over - 1 run(s), 1 hit(s), 0 error(s), 1 left on base; Maize HS 10 - Broken Arrow HS 8
TOP OF THE 8TH
Maize HS batting - Pitching for Broken Arrow HS : RHP James Harmon
Pitching: RHP James Harmon
Batting: RHB Pedro Casillas 0-0: Ball
1-0: Ball
2-0: Ball
3-0: Called Strike
3-1: SINGLE (Flyball, 8LS)
Batting: LHB Scot Godwin 0-0: Ball
1-0: SINGLE (Line Drive, 8RM)
Pedro Casillas to second
Batting: RHB Dennis Brooks 0-0: Ball
1-0: Foul Ball, location: 2F
1-1: SINGLE (Groundball, 34D)
Pedro Casillas to third
Scot Godwin to second
Batting: SHB Álex Vega 0-0: Swinging Strike
0-1: Ball
1-1: Ball
2-1: Foul Ball, location: 2F
2-2: SINGLE (Groundball, 4MD)
Pedro Casillas scores
Scot Godwin to third
Dennis Brooks to second
Batting: RHB Michael Obrego 0-0: SINGLE (Flyball, 4D)
Scot Godwin scores
Dennis Brooks to third
Álex Vega to second
Pitching: RHP Albert Aguilar
Batting: LHB Jorge Merced 0-0: Ball
1-0: Foul Ball, location: 2F
1-1: Foul Ball, location: 2F
1-2: Strikes out looking
Batting: RHB Dan Osborne Error on foul ball, E3
0-1: Ball
1-1: Swinging Strike
1-2: SINGLE (Groundball, 34D)
Dennis Brooks scores
Álex Vega to third
Michael Obrego to second
Batting: SHB Armando Guzmán 0-0: Ball
1-0: Called Strike
1-1: Foul Ball, location: 2F
1-2: Grounds into double play, 6-4-3 (Groundball, 56)
Top of the 8th over - 3 run(s), 6 hit(s), 1 error(s), 2 left on base; Maize HS 13 - Broken Arrow HS 8
BOTTOM OF THE 8TH
Broken Arrow HS batting - Pitching for Maize HS : RHP Roger Grant
Batting: RHB Chris Lancaster 0-0: Ball
1-0: Ball
2-0: Ground out 4-3 (Groundball, 4)
Batting: RHB David Adams 0-0: Ball
1-0: Swinging Strike
1-1: Ball
2-1: Foul Ball, location: 2F
2-2: SINGLE (Groundball, 4MD)
Batting: RHB Ramón Santos 0-0: Called Strike
0-1: Fly out, F9 (Flyball, 9S)
Batting: RHB Donnie Bryan 0-0: Foul Ball, location: 2F
0-1: Foul Ball, location: 2F
0-2: Ball
Passed Ball!
David Adams to second
1-2: DOUBLE (Groundball, 3L)
David Adams scores
Batting: LHB Brian Lawson 0-0: Ball
1-0: Called Strike
1-1: Foul Ball, location: 2F
1-2: DOUBLE (Flyball, 8RXD)
Donnie Bryan scores
Pitching: RHP Wilber Robinson
Batting: RHB Bo Long 0-0: SINGLE (Groundball, 56S) (infield hit)
Brian Lawson to third
Batting: RHB James Thompson 0-0: Swinging Strike
0-1: Ball
1-1: Ball
2-1: Swinging Strike
2-2: Strikes out swinging
Bottom of the 8th over - 2 run(s), 4 hit(s), 0 error(s), 2 left on base; Maize HS 13 - Broken Arrow HS 10
TOP OF THE 9TH
Maize HS batting - Pitching for Broken Arrow HS : RHP Albert Aguilar
Pitching: RHP Wes Jordan
Batting: LHB Ed Nelson 0-0: SOLO HOME RUN (Flyball, 9D), Distance : 369 ft
Batting: RHB Pedro Casillas 0-0: Foul Ball, location: 2F
0-1: Ball
1-1: SOLO HOME RUN (Flyball, 7D), Distance : 377 ft
Pitching: RHP Donnie Davenport
Batting: LHB Scot Godwin 0-0: Ball
1-0: Called Strike
1-1: Foul Ball, location: 2F
1-2: Ball
2-2: Ball
3-2: Strikes out swinging
Batting: RHB Dennis Brooks 0-0: Foul Ball, location: 2F
0-1: Called Strike
0-2: Foul Ball, location: 2F
0-2: Ball
1-2: Foul Ball, location: 2F
1-2: Ball
2-2: Strikes out swinging
Batting: SHB Álex Vega 0-0: Foul Ball, location: 2F
0-1: Ball
1-1: Called Strike
1-2: Strikes out swinging
Top of the 9th over - 2 run(s), 2 hit(s), 0 error(s), 0 left on base; Maize HS 15 - Broken Arrow HS 10
BOTTOM OF THE 9TH
Broken Arrow HS batting - Pitching for Maize HS : RHP Wilber Robinson
Batting: LHB Jesús Zamora 0-0: Called Strike
0-1: Called Strike
0-2: Ball
1-2: Fly out, F4 (Popup, 34)
Batting: RHB Daniel Conner 0-0: Called Strike
0-1: Ball
1-1: Foul Ball, location: 2F
1-2: Ball
2-2: Foul Ball, location: 2F
2-2: SINGLE (Groundball, 2L) (infield hit)
Batting: RHB Chris Lancaster 0-0: SINGLE (Flyball, 8LS)
Daniel Conner to second
Batting: RHB David Adams 0-0: 3-RUN HOME RUN (Line Drive, 7D), Distance : 396 ft
Pitching: RHP Clay Evans
Batting: RHB Ramón Santos 0-0: Ball
1-0: Swinging Strike
1-1: Swinging Strike
1-2: Strikes out swinging
Batting: RHB Donnie Bryan 0-0: Ball
1-0: SOLO HOME RUN (Flyball, 7D), Distance : 397 ft
Batting: LHB Brian Lawson 0-0: Fly out, F7 (Flyball, 78D)
Bottom of the 9th over - 4 run(s), 4 hit(s), 0 error(s), 0 left on base; Maize HS 15 - Broken Arrow HS 14
Tuesday, August 8th, 2017 - OOTP Baseball 17.12 Build 75